 Dungeon Crawl Stone Soup version 0.22.1-2-g9c5b331 (webtiles) character file.

170 shamaniam the Ruffian (level 5, -3/52 HPs)
             Began as a Troll Transmuter on Dec 3, 2018.
             Slain by an orc wizard
             ... wielding a +0 dagger
              (5 damage)
             ... on level 4 of the Dungeon.
             The game lasted 00:02:28 (2022 turns).

shamaniam the Ruffian (Troll Transmuter)            Turns: 2022, Time: 00:02:28

Health: -3/52      AC:  7    Str: 18    XL:     5   Next: 26%
Magic:  5/5        EV: 10    Int:  9    God:
Gold:   202        SH:  0    Dex: 11    Spells: 5/6 levels left

rFire    . . .     SeeInvis .     - Unarmed
rCold    . . .     Gourm    +   (no shield)
rNeg     . . .     Faith    .   b - +0 robe
rPois    .         Spirit   .   (helmet restricted)
rElec    .         Reflect  .   q - +1 cloak
rCorr    .         Harm     .   (gloves unavailable)
MR       .....                  (boots unavailable)
Stlth    +.........             (no amulet)
HPRegen  0.57/turn              (no ring)
MPRegen  0.09/turn              (no ring)

@: slowed, very slow
A: large, unfitting armour, claws 3, fast metabolism 3, gourmand, regeneration
1, shaggy fur 1, tough skin 2
a: no special abilities


You were on level 4 of the Dungeon.
You were very full.

You visited 1 branch of the dungeon, and saw 4 of its levels.

You collected 202 gold pieces.

Inventory:

Hand Weapons
 m - a +0 hunting sling
 p - a +0 blowgun
Missiles
 a - 62 arrows
Armour
 b - a +0 robe (worn)
 q - a +1 cloak (worn)
Jewellery
 e - an uncursed ring of poison resistance {unknown}
Wands
 t - a wand of enslavement (9)
Scrolls
 c - 5 scrolls of identify {unknown}
 l - a scroll of enchant armour {unknown}
 o - a scroll of teleportation {unknown}
 r - a scroll of blinking {unknown}
 s - 3 scrolls of remove curse {unknown}
Potions
 f - a potion of might {unknown}
 g - 3 potions of curing {unknown}
 h - a potion of invisibility {unknown}
 i - 2 potions of heal wounds {unknown}
 k - a potion of haste
 n - a potion of brilliance {unknown}
 u - a potion of lignification {unknown}
Comestibles
 d - 11 rations


   Skills:
 * Level 2.8 Fighting
 - Level 2.0 Dodging
 * Level 4.6 Unarmed Combat
 - Level 1.2 Spellcasting
 - Level 1.3 Transmutations


You had 5 spell levels left.
You knew the following spells:

 Your Spells              Type           Power        Failure   Level  Hunger
a - Beastly Appendage     Tmut           #.....       21%         1    ##.....

Your spell library contained the following spells:

 Spells                   Type           Power        Failure   Level  Hunger
 Sticks to Snakes         Tmut           #.......     30%         2    ###....
 Spider Form              Tmut/Pois      #.........   63%         3    ####...
 Ice Form                 Ice/Tmut       #.......     95%         4    #####..
 Blade Hands              Tmut           #.........   99%         5    ######.


Dungeon Overview and Level Annotations

Branches:
Dungeon (4/15)
 Temple: D:4-7

Altars:
Ashenzari
Trog


Innate Abilities, Weirdness & Mutations

You are too large for most types of armour.
You have claws for hands.
Your metabolism is lightning-fast.
You like to eat raw meat.
Your natural rate of healing is unusually fast.
You are covered in fur. (AC +1)
You have very tough skin. (AC +2)


Message History

The orc wizard seems to speed up.
The orc wizard points at you and mumbles some strange words.
The magic dart hits you!
* * * LOW HITPOINT WARNING * * *
You scratch the orc wizard.
The orc wizard is moderately wounded.
The orc wizard barely misses you.
The orc wizard hits you but does no damage.
The orc wizard gestures at you while chanting.
The magic dart hits you!
* * * LOW HITPOINT WARNING * * *
The orc wizard barely misses you.
You claw the orc wizard!
You kill the orc wizard!
The orc wizard barely misses you.
The orc wizard hits you but does no damage.
You scratch the orc wizard but do no damage.
The orc wizard is moderately wounded.
The orc wizard closely misses you. The orc wizard hits you with a dagger.
You die...

.##.##.######
....##.#... ..#
..####.#[### ..#
..[......#.## ..##
..####.##...## ... ..#
#.......####..# ..#
##............####. ..#
#.##.#####)....... ..#
#.##.# #@)# ..#####.##.#
#o#######
...........#####........
..##.^.........#.#######
.<##.##.######.#.#
..##.##.######.#.#
..##.##.##.......#
รท.##.##.##.###.###
....#......# #.#


You could see an orc wizard.

Vanquished Creatures
  2 orc wizards (D:4)
  3 adders
  An ooze (D:4)
  An adder skeleton (D:4)
  2 worms (D:3)
  5 dart slugs
  2 orcs
  2 giant cockroaches (D:1)
  10 goblins
  8 hobgoblins
  4 jackals
  A quokka (D:2)
  7 bats
  3 frilled lizards
  5 kobolds
  3 rats
59 creatures vanquished.

Notes
Turn   | Place    | Note
-------+----------+-------------------------------------------
     0 | D:1      | shamaniam the Troll Transmuter began the quest for the Orb.
     0 | D:1      | Reached XP level 1. HP: 18/18 MP: 1/1
    33 | D:1      | Reached skill level 1 in Fighting
   143 | D:1      | Reached XP level 2. HP: 26/27 MP: 2/2
   901 | D:2      | Reached XP level 3. HP: 33/33 MP: 3/3
  1224 | D:2      | Found a bloodstained altar of Trog.
  1381 | D:3      | Reached XP level 4. HP: 42/42 MP: 4/4
  1403 | D:3      | Reached skill level 4 in Unarmed Combat
  1480 | D:3      | Found a shattered altar of Ashenzari.
  2019 | D:4      | Reached XP level 5. HP: 11/50 MP: 5/5
  2020 | D:4      | HP: 1/50 [orc wizard/magic dart (4)]
  2022 | D:4      | Slain by an orc wizard

Skill      XL: |  1  2  3  4 |
---------------+-------------+-----
Fighting       | 1 2 |  2.8
Dodging        | 2 |  2.0
Unarmed Combat | 4 |  4.6
Spellcasting   | |  1.2
Transmutations | |  1.3

Action                   |  1- 3 |  4- 6 || total
-------------------------+-------+-------++-------
Melee: Unarmed           |   104 |    62 ||   166
       Punch             |     1 |       ||     1
 Stab: Sleeping          |     2 |       ||     2
  Eat: Chunk             |    19 |     5 ||    24
Armor: Robe              |    52 |    23 ||    75
Dodge: Dodged            |    80 |    26 ||   106
